 Dungeon Crawl Stone Soup version 0.20-a0-1078-g4874019 (webtiles) character file.

4639 FastMan the Cleaver (level 10, -9/94 HPs)
             Began as a Minotaur Berserker on May 1, 2017.
             Was an Elder of Trog.
             Mangled by a blink frog (13 damage)
             ... on level 1 of the Lair of Beasts.
             The game lasted 00:06:10 (6059 turns).

FastMan the Cleaver (Minotaur Berserker)            Turns: 6059, Time: 00:06:10

Health: -9/94      AC: 17    Str: 24    XL:     10   Next: 20%
Magic:  9/9        EV:  9    Int:  4    God:    Trog [****..]
Gold:   568        SH:  0    Dex: 11    Spells: 9/9 levels left

rFire    . . .     SeeInvis .   D - +1 battleaxe (curse)
rCold    . . .     Gourm    .   (shield currently unavailable)
rNeg     . . .     Faith    .   u - +0 chain mail
rPois    .         Spirit   .   (helmet restricted)
rElec    .         Reflect  .   n - +2 cloak
rCorr    .         Harm     .   k - +0 pair of gloves
MR       ++...                  (no boots)
Stlth    ..........             (no amulet)
Regen    1.3/turn               x - ring of loudness (curse)
MPRegen  0.2/turn               f - +3 ring of protection

@: regenerating, slowed, very slow
A: retaliatory headbutt, horns 2
a: Berserk, Trog's Hand, Brothers in Arms, Burn Spellbooks, Renounce Religion


You were on level 1 of the Lair of Beasts.
You worshipped Trog.
Trog was greatly pleased with you.
You were not hungry.

You visited 2 branches of the dungeon, and saw 10 of its levels.

You collected 568 gold pieces.

Inventory:

Hand Weapons
 D - a cursed +1 battleaxe (weapon)
Armour
 k - a +0 pair of gloves (worn)
 n - a +2 cloak (worn)
 u - a +0 chain mail (worn)
Jewellery
 f - a +3 ring of protection (right hand)
 x - a cursed ring of loudness (left hand)
Scrolls
 b - a scroll of summoning
 e - 2 scrolls of enchant weapon
 g - 3 scrolls of remove curse {@r2}
 i - 3 scrolls of teleportation {@r3}
 r - 3 scrolls of identify {@r1}
 v - a scroll of magic mapping
Potions
 a - a potion of might {unknown}
 d - a potion of ambrosia {unknown}
 h - 7 potions of curing {@q1}
 o - 3 potions of brilliance {@q6}
 s - a potion of lignification
 t - a potion of magic
 A - 2 potions of haste {@q3}
 B - a potion of invisibility {unknown}
 C - a potion of heal wounds {unknown}
Comestibles
 c - 6 bread rations {@e1}
 j - 9 royal jellies {@e3}
 q - 4 meat rations {@e2}
 E - 4 fruits {@e4}


   Skills:
 + Level 10.3 Fighting
 * Level 14.1 Axes
 + Level 4.9 Armour
 - Level 2.1 Dodging


You had 9 spell levels left.
You didn't know any spells.

Dungeon Overview and Level Annotations

Branches:
Dungeon (9/15)             Temple (0/1) D:6            Lair (1/6) D:9
    Orc: D:9-12

Altars:
Ashenzari
Elyvilon
Okawaru
Qazlal
Ru
Sif Muna
Trog
Zin

Annotations:
D:6 1 runed door


Innate Abilities, Weirdness & Mutations

You reflexively headbutt those who attack you in melee.
You have a pair of horns on your head.


Message History

Your skin crawls.
You feel resistant to hostile enchantments.
You feel somewhat more hungry.
The blink frog blinks!
You fail to use your ability.
The blink frog hits you but does no damage.
Unknown command.
You feel better. The blink frog hits you!
* * * LOW HITPOINT WARNING * * *
The blink frog hits you.
* * * LOW HITPOINT WARNING * * *
The blink frog blinks!
The blink frog hits you.
* * * LOW HITPOINT WARNING * * *
Unknown command.
Unknown command.
Unknown command.
Your black bear goes berserk!
You feel somewhat more hungry.
The blink frog hits you but does no damage.
The blink frog hits you!
You die...

. ## .. #
#+###.##.#
#.##.......#
#...h......#..
#..@...F.# #.
#.F.....## #.
#.+##...#
#.##.ยง######
#...........
#...........
#...........
#...........
#........... .


You could see 2 blink frogs and a friendly black bear (berserk).

Vanquished Creatures
  An elephant (D:9)
  A hippogriff (D:7)
  A blink frog (Lair:1)
  The ghost of exodus255 the Shield-Bearer, an amateur GrFi (D:4)
  A human (D:7)
  A basilisk (D:9)
  2 yaks
  3 hogs (D:7)
  Edmund (D:6)
  3 orc warriors
  2 ice beasts
  3 phantoms
  A centaur (D:5)
  3 ogres
  A crocodile (Lair:1)
  3 bullfrogs (D:9)
  3 scorpions
  3 wights (D:7)
  A howler monkey (D:5)
  A crimson imp (D:6)
  2 bullfrog zombies
  6 hounds
  2 jellies
  2 orc priests
  A centaur skeleton (D:7)
  7 orc wizards
  2 iguanas
  6 worker ants
  Natasha (thrice) (D:3)
  2 hound skeletons (D:5)
  A worker ant zombie (D:7)
  An adder (D:9)
  2 worms (D:2)
  2 dart slugs
  7 leopard geckos
  23 orcs
  A ball python (D:2)
  6 giant cockroaches
  7 goblins
  7 hobgoblins
  8 jackals
  8 kobolds
  2 quokkas
  4 bats
  2 frilled lizards
  A leopard gecko skeleton (D:9)
  2 quokka zombies
  4 rats
157 creatures vanquished.

Vanquished Creatures (collateral kills)
  A goblin (D:9)
1 creature vanquished.

Grand Total: 158 creatures vanquished

Notes
Turn   | Place    | Note
-------+----------+-------------------------------------------
     0 | D:1      | FastMan the Minotaur Berserker began the quest for the Orb.
     0 | D:1      | Reached XP level 1. HP: 19/19 MP: 0/0
   199 | D:1      | Reached skill level 4 in Axes
   199 | D:1      | Reached XP level 2. HP: 25/27 MP: 1/1
   481 | D:2      | Found a shattered altar of Ashenzari.
   615 | D:2      | Reached XP level 3. HP: 18/33 MP: 2/2
   622 | D:2      | Reached ** piety under Trog
   758 | D:2      | Reached skill level 5 in Axes
  1362 | D:3      | Reached XP level 4. HP: 30/41 MP: 3/3
  1382 | D:3      | Noticed Natasha
  1386 | D:3      | Killed Natasha
  1446 | D:3      | Found a sacrificial altar of Ru.
  1514 | D:3      | Noticed Natasha
  1521 | D:3      | Killed Natasha
  1521 | D:3      | Reached skill level 6 in Axes
  1675 | D:3      | Noticed Natasha
  1679 | D:3      | Killed Natasha
  1679 | D:3      | Reached XP level 5. HP: 44/47 MP: 4/4
  1727 | D:4      | Noticed exodus255's ghost (amateur GrFi)
  1734 | D:4      | Killed exodus255's ghost
  1734 | D:4      | Reached skill level 5 in Fighting
  1734 | D:4      | Reached skill level 7 in Axes
  1734 | D:4      | Reached XP level 6. HP: 16/56 MP: 5/5
  2356 | D:4      | Found a bloodstained altar of Trog.
  2357 | D:4      | Found a stormy altar of Qazlal.
  2438 | D:4      | Reached skill level 8 in Axes
  2525 | D:5      | Entered Level 5 of the Dungeon
  2614 | D:5      | Reached XP level 7. HP: 53/63 MP: 6/6
  2700 | D:5      | Reached skill level 9 in Axes
  2770 | D:5      | Found a glowing silver altar of Zin.
  2824 | D:5      | Reached *** piety under Trog
  2834 | D:6      | Noticed Edmund
  2842 | D:6      | Killed Edmund
  2845 | D:6      | Reached skill level 10 in Axes
  2845 | D:6      | Reached XP level 8. HP: 73/73 MP: 7/7
  2906 | D:6      | Found a stormy altar of Qazlal.
  2984 | D:6      | Found a white marble altar of Elyvilon.
  2985 | D:6      | Found a runed door.
  2985 | D:6      | Noticed an angel
  3027 | D:6      | Found a staircase to the Ecumenical Temple.
  3537 | D:7      | Noticed a hippogriff
  3544 | D:7      | Killed a hippogriff
  3544 | D:7      | Reached skill level 11 in Axes
  3919 | D:7      | Reached skill level 12 in Axes
  3919 | D:7      | Reached XP level 9. HP: 73/82 MP: 8/8
  4289 | D:7      | Found an iron altar of Okawaru.
  4388 | D:8      | Found a deep blue altar of Sif Muna.
  4670 | D:8      | Reached skill level 13 in Axes
  5137 | D:9      | Found a staircase to the Lair.
  5137 | D:9      | Noticed an elephant
  5198 | D:9      | Found a bloodstained altar of Trog.
  5203 | D:9      | Reached **** piety under Trog
  5244 | D:9      | Reached skill level 10 in Fighting
  5419 | D:9      | Killed an elephant
  5419 | D:9      | Reached XP level 10. HP: 62/93 MP: 9/9
  5755 | D:9      | Reached skill level 14 in Axes
  5995 | Lair:1   | Entered Level 1 of the Lair of Beasts
  6051 | Lair:1   | HP: 3/94 [blink frog (2)]
  6058 | Lair:1   | HP: 3/94 [blink frog (5)]
  6059 | Lair:1   | Mangled by a blink frog

Vault maps used:
D:1:      grunt_arrival_crossed_arrows, serial_glass, glass_columns_a,
          glass_columns_c, minmay_cut_off
D:2:      evilmike_ruin_ashenzari
D:3:      hangedman_ru_absence, uniq_natasha
D:4:      nicolae_overflow_hidden_temple, gup_sewer_entry_pipe, serial_curves,
          eino_curves_01, eino_curves_02
D:5:      nicolae_overflow_crystal_walls, first_bread, minivault_24
D:6:      minmay_temple_entry_overgrown, basic_altar, lemuel_angel_altar,
          uniq_edmund
D:7:      grunt_livestock, okawaru_altar_gauntlet_db
D:8:      lemuel_blue_sif_altar
D:9:      david_lair_generic, hangedman_decor_lopped, trog_hazing_becter
Lair:1:   grunt_forest_large_clearing_hut, infiniplex_staircase_pool

Skill      XL: |  1  2  3  4  5  6  7  8  9 10 |
---------------+-------------------------------+-----
Axes           | 4 5 6 7 8 10 12 13 14 | 14.1
Fighting       | 4 5 6 7 8 10 | 10.3
Armour         | 4 |  4.9
Dodging        | |  2.1

Action                   |  1- 3 |  4- 6 |  7- 9 | 10-12 || total
-------------------------+-------+-------+-------+-------++-------
Melee: Hand axe          |    73 |    40 |       |       ||   113
       Headbutt          |    11 |    12 |    35 |    11 ||    69
       War axe           |       |    17 |   109 |       ||   126
       Battleaxe         |       |       |    90 |    56 ||   146
Invok: Berserk           |     3 |     4 |     6 |     1 ||    14
       Trog's Hand       |     1 |       |     1 |     1 ||     3
       Burn Spellbooks   |       |     1 |     1 |     1 ||     3
       Brothers in Arms  |       |       |       |     1 ||     1
  Use: Scroll            |       |     8 |     7 |     1 ||    16
       Potion            |       |       |     1 |     2 ||     3
  Eat: Chunk             |     3 |     5 |    15 |     1 ||    24
       Bread ration      |       |     1 |       |     1 ||     2
Armor: Animal skin       |     8 |     1 |       |       ||     9
       Chain mail        |       |    31 |   116 |    41 ||   188
Dodge: Dodged            |    67 |    28 |   101 |    29 ||   225
